TOP OF THE 1ST |
Orlando Calrissian batting - Pitching for Nassau Rockets : LHP Ben Moody
|
Pitching: LHP Ben Moody
|
|
Batting: RHB José Pérez
|
0-0: Called Strike 0-1: Ball 1-1: Swinging Strike 1-2: Strikes out looking
|
Batting: LHB Santiago Márquez
|
0-0: Ball 1-0: Ball 2-0: Ball 3-0: Called Strike 3-1: Foul Ball, location: 2F 3-2: Ground out 4-3 (Groundball, 4)
|
Batting: RHB Raúl Canó
|
0-0: Foul Ball, location: 2F 0-1: Ball 1-1: Ball 2-1: SOLO HOME RUN (Line Drive, 78XD), Distance : 384 ft
|
Batting: SHB Tim Abbott
|
0-0: Ball 1-0: Swinging Strike 1-1: Ball 2-1: Swinging Strike 2-2: Ball 3-2: Strikes out swinging
|
Top of the 1st over - 1 run(s), 1 hit(s), 0 error(s), 0 left on base; Orlando 1 - Nassau 0 |
BOTTOM OF THE 1ST |
Nassau Rockets batting - Pitching for Orlando Calrissian : RHP Dave Heath
|
Pitching: RHP Dave Heath
|
|
Batting: LHB Don Ramey
|
0-0: Ground out 4-3 (Groundball, 34D)
|
Batting: LHB Juan Romero
|
0-0: Called Strike 0-1: Ground out U3 (Groundball, 34)
|
Batting: RHB Kenji Kudo
|
0-0: Called Strike 0-1: Foul Ball, location: 2F 0-2: Foul Ball, location: 2F 0-2: Strikes out swinging
|
Bottom of the 1st over - 0 run(s), 0 hit(s), 0 error(s), 0 left on base; Orlando 1 - Nassau 0 |
TOP OF THE 2ND |
Orlando Calrissian batting - Pitching for Nassau Rockets : LHP Ben Moody
|
Batting: RHB Frederico Hernández
|
0-0: Ball 1-0: Ball 2-0: Ground out 6-3 (Groundball, 6)
|
Batting: RHB Júlio Negrón
|
0-0: Called Strike 0-1: Foul Ball, location: 2F 0-2: Ground out 6-3 (Groundball, 6)
|
Batting: RHB Chet Decker
|
0-0: Called Strike 0-1: Ball 1-1: Ball 2-1: Foul Ball, location: 2F 2-2: Strikes out swinging
|
Top of the 2nd over - 0 run(s), 0 hit(s), 0 error(s), 0 left on base; Orlando 1 - Nassau 0 |
BOTTOM OF THE 2ND |
Nassau Rockets batting - Pitching for Orlando Calrissian : RHP Dave Heath
|
Batting: LHB Andrew Alvarado
|
0-0: DOUBLE (Line Drive, 78XD)
|
Batting: LHB Doug Thompson
|
0-0: Ball 1-0: Called Strike 1-1: Ball 2-1: Fly out, F8 (Flyball, 8LD) Runner from 2nd tags up, SAFE at 3rd, no throw
|
Batting: LHB Wilson Allen
|
0-0: Swinging Strike 0-1: Ball 1-1: Foul Ball, location: 2F 1-2: Ball 2-2: Ground out 4-3 (Groundball, 4) Andrew Alvarado scores
|
Batting: RHB Salvador Borbón
|
0-0: Ball 1-0: Foul Ball, location: 2F 1-1: Ball 2-1: Ball 3-1: Base on Balls
|
Batting: LHB Shiro Ueno
|
0-0: Ball 1-0: Ball 2-0: Ground out 4-3 (Groundball, 34D)
|
Bottom of the 2nd over - 1 run(s), 1 hit(s), 0 error(s), 1 left on base; Orlando 1 - Nassau 1 |
TOP OF THE 3RD |
Orlando Calrissian batting - Pitching for Nassau Rockets : LHP Ben Moody
|
Batting: SHB Jaime Montés
|
0-0: Ball 1-0: Ground out 5-3 (Groundball, 56)
|
Batting: RHB Jesús Gonzáles
|
0-0: Ball 1-0: Ball 2-0: Swinging Strike 2-1: Swinging Strike 2-2: Strikes out swinging
|
Batting: RHB José Pérez
|
0-0: Called Strike 0-1: Called Strike 0-2: Ball 1-2: Ground out 6-3 (Groundball, 6M)
|
Top of the 3rd over - 0 run(s), 0 hit(s), 0 error(s), 0 left on base; Orlando 1 - Nassau 1 |
BOTTOM OF THE 3RD |
Nassau Rockets batting - Pitching for Orlando Calrissian : RHP Dave Heath
|
Batting: RHB Jesús Villalobos
|
0-0: Ball 1-0: Called Strike 1-1: Ground out 5-3 (Groundball, 56S)
|
Batting: LHB Don Ramey
|
0-0: Fly out, F7 (Flyball, 7LMF)
|
Batting: LHB Juan Romero
|
0-0: Ball 1-0: Ground out 1-3 (Groundball, 13S)
|
Bottom of the 3rd over - 0 run(s), 0 hit(s), 0 error(s), 0 left on base; Orlando 1 - Nassau 1 |
TOP OF THE 4TH |
Orlando Calrissian batting - Pitching for Nassau Rockets : LHP Ben Moody
|
Batting: LHB Santiago Márquez
|
0-0: Ball 1-0: Fly out, F4 (Line Drive, 34)
|
Batting: RHB Raúl Canó
|
0-0: Ball 1-0: Reached on error, E5 (Groundball, 56)
|
Batting: SHB Tim Abbott
|
0-0: Grounds into double play, 4-6-3 (Groundball, 4)
|
Top of the 4th over - 0 run(s), 0 hit(s), 1 error(s), 0 left on base; Orlando 1 - Nassau 1 |
BOTTOM OF THE 4TH |
Nassau Rockets batting - Pitching for Orlando Calrissian : RHP Dave Heath
|
Batting: RHB Kenji Kudo
|
0-0: Ball 1-0: Ball 2-0: Called Strike Error on foul ball, E9 2-2: Fly out, F9 (Flyball, 9)
|
Batting: LHB Andrew Alvarado
|
0-0: Ball 1-0: Ball 2-0: Ball 3-0: Base on Balls
|
Batting: LHB Doug Thompson
|
0-0: Fielders Choice at 2nd, 4-6 (Groundball, 34)
|
Batting: LHB Wilson Allen
|
0-0: Ball 1-0: Called Strike 1-1: Ground out 6-3 (Groundball, 6M)
|
Bottom of the 4th over - 0 run(s), 0 hit(s), 1 error(s), 1 left on base; Orlando 1 - Nassau 1 |
TOP OF THE 5TH |
Orlando Calrissian batting - Pitching for Nassau Rockets : LHP Ben Moody
|
Batting: RHB Frederico Hernández
|
0-0: Foul Ball, location: 2F 0-1: Ball 1-1: Ball 2-1: Foul Ball, location: 2F 2-2: Ball 3-2: Foul Ball, location: 2F 3-2: SINGLE (Groundball, 6MD)
|
Batting: RHB Júlio Negrón
|
0-0: Called Strike 0-1: Fly out, F9 (Flyball, 9D)
|
Batting: RHB Chet Decker
|
0-0: Called Strike 0-1: Swinging Strike 0-2: Strikes out swinging
|
Batting: SHB Jaime Montés
|
0-0: Ball 1-0: Ball 2-0: Foul Ball, location: 2F 2-1: Called Strike 2-2: Strikes out swinging
|
Top of the 5th over - 0 run(s), 1 hit(s), 0 error(s), 1 left on base; Orlando 1 - Nassau 1 |
BOTTOM OF THE 5TH |
Nassau Rockets batting - Pitching for Orlando Calrissian : RHP Dave Heath
|
Batting: RHB Salvador Borbón
|
0-0: Called Strike 0-1: Ball 1-1: Ball 2-1: Fly out, F8 (Flyball, 89M)
|
Batting: LHB Shiro Ueno
|
0-0: Called Strike 0-1: SINGLE (Flyball, 7S)
|
Batting: RHB Jesús Villalobos
|
0-0: Ball 1-0: Fly out, F4 (Line Drive, 34)
|
Batting: LHB Don Ramey
|
0-0: Called Strike 0-1: Ball 1-1: SINGLE (Line Drive, 9S) Shiro Ueno to second
|
Batting: LHB Juan Romero
|
0-0: Ball 1-0: Ball 2-0: Fielders Choice at 2nd, 5-4 (Groundball, 5L)
|
Bottom of the 5th over - 0 run(s), 2 hit(s), 0 error(s), 1 left on base; Orlando 1 - Nassau 1 |
TOP OF THE 6TH |
Orlando Calrissian batting - Pitching for Nassau Rockets : LHP Ben Moody
|
Batting: RHB Jesús Gonzáles
|
0-0: SINGLE (Groundball, 6D)
|
Batting: RHB José Pérez
|
0-0: Fielders Choice at 2nd, 1-6 (Groundball, 13S)
|
Batting: LHB Santiago Márquez
|
0-0: Ball José Pérez steals 2nd base 1-0: Ball 2-0: Swinging Strike 2-1: Swinging Strike 2-2: Strikes out looking
|
Batting: RHB Raúl Canó
|
0-0: Ball 1-0: Foul Ball, location: 2F 1-1: Ball 2-1: Foul Ball, location: 2F 2-2: Fly out, F9 (Flyball, 9S)
|
Top of the 6th over - 0 run(s), 1 hit(s), 0 error(s), 1 left on base; Orlando 1 - Nassau 1 |
BOTTOM OF THE 6TH |
Nassau Rockets batting - Pitching for Orlando Calrissian : RHP Dave Heath
|
Batting: RHB Kenji Kudo
|
0-0: Fly out, F7 (Flyball, 78S)
|
Batting: LHB Andrew Alvarado
|
0-0: Ground out 2-3 (Groundball, 2L)
|
Batting: LHB Doug Thompson
|
0-0: Fly out, F7 (Line Drive, 7D)
|
Bottom of the 6th over - 0 run(s), 0 hit(s), 0 error(s), 0 left on base; Orlando 1 - Nassau 1 |
TOP OF THE 7TH |
Orlando Calrissian batting - Pitching for Nassau Rockets : LHP Ben Moody
|
Batting: SHB Tim Abbott
|
0-0: Ball 1-0: Swinging Strike 1-1: Called Strike 1-2: Ball 2-2: Strikes out looking
|
Batting: RHB Frederico Hernández
|
0-0: Ball 1-0: Called Strike 1-1: Foul Ball, location: 2F 1-2: DOUBLE (Line Drive, 9LM)
|
Pinch Hitting: SHB Cristo Ontiveros
|
0-0: Intentional Walk
|
Batting: RHB Chet Decker
|
0-0: Ball 1-0: Called Strike 1-1: SINGLE (Line Drive, 89S) Frederico Hernández to third Cristo Ontiveros to second Runner from 3rd tries for Home, throw and OUT!
|
Pinch Runner at 2nd Sergio Luna:
|
|
Pinch Hitting: RHB Enrique Bermúdez
|
0-0: Ball 1-0: Ball 2-0: Called Strike 2-1: Swinging Strike 2-2: Strikes out looking
|
Top of the 7th over - 0 run(s), 2 hit(s), 0 error(s), 2 left on base; Orlando 1 - Nassau 1 |
BOTTOM OF THE 7TH |
Nassau Rockets batting - Pitching for Orlando Calrissian : RHP Dave Heath
|
Now at 2B: Enrique Bermúdez
|
|
Now at 3B: Brian Price
|
|
Batting: LHB Wilson Allen
|
0-0: Foul Ball, location: 2F 0-1: SINGLE (Line Drive, 6D)
|
Pinch Hitting: SHB Edgardo Osorio
|
0-0: Called Strike 0-1: Called Strike 0-2: Foul Ball, location: 2F 0-2: Foul Ball, location: 2F 0-2: Ball 1-2: Foul Ball, location: 2F 1-2: Foul Ball, location: 2F 1-2: Ball 2-2: Fly out, F6 (Popup, 6D)
|
Batting: LHB Shiro Ueno
|
0-0: Ball 1-0: Ball 2-0: SINGLE (Line Drive, 8LS) Wilson Allen to second
|
Pinch Hitting: RHB Brant Sherman
|
0-0: Foul Ball, location: 2F 0-1: 3-RUN HOME RUN (Flyball, 7D), Distance : 372 ft
|
Batting: LHB Don Ramey
|
0-0: Ground out 3-1 (Groundball, 34S)
|
Batting: LHB Juan Romero
|
0-0: Ball 1-0: Called Strike 1-1: Ball 2-1: Fly out, F7 (Line Drive, 7)
|
Bottom of the 7th over - 3 run(s), 3 hit(s), 0 error(s), 0 left on base; Orlando 1 - Nassau 4 |
TOP OF THE 8TH |
Orlando Calrissian batting - Pitching for Nassau Rockets : LHP Ben Moody
|
Now at 2B: Edgardo Osorio
|
|
Now at SS: Pete Harvey
|
|
Batting: RHB Jesús Gonzáles
|
0-0: Called Strike 0-1: Ball 1-1: Foul Ball, location: 2F 1-2: Ball 2-2: Ball 3-2: SINGLE (Groundball, 4) (infield hit)
|
Batting: RHB José Pérez
|
0-0: Ball 1-0: Called Strike 1-1: Swinging Strike 1-2: Ball 2-2: Strikes out swinging
|
Batting: LHB Santiago Márquez
|
0-0: Ball 1-0: Ball 2-0: Grounds into double play, 4-6-3 (Groundball, 4)
|
Top of the 8th over - 0 run(s), 1 hit(s), 0 error(s), 0 left on base; Orlando 1 - Nassau 4 |
BOTTOM OF THE 8TH |
Nassau Rockets batting - Pitching for Orlando Calrissian : RHP Dave Heath
|
Batting: RHB Kenji Kudo
|
0-0: Ground out 5-3 (Groundball, 56S)
|
Batting: LHB Andrew Alvarado
|
0-0: Ball 1-0: Called Strike 1-1: Foul Ball, location: 2F 1-2: Ball 2-2: Ball 3-2: Fly out, F8 (Flyball, 78M)
|
Batting: LHB Doug Thompson
|
0-0: Ball 1-0: Swinging Strike 1-1: Foul Ball, location: 2F 1-2: Strikes out swinging
|
Bottom of the 8th over - 0 run(s), 0 hit(s), 0 error(s), 0 left on base; Orlando 1 - Nassau 4 |
TOP OF THE 9TH |
Orlando Calrissian batting - Pitching for Nassau Rockets : LHP Ben Moody
|
Pitching: RHP Luis Cortéz
|
|
Batting: RHB Raúl Canó
|
0-0: Ball 1-0: Foul Ball, location: 2F 1-1: Ball 2-1: Foul Ball, location: 2F 2-2: Foul Ball, location: 2F 2-2: Ball 3-2: Strikes out looking
|
Batting: SHB Tim Abbott
|
0-0: Fly out, F3 (Popup, 3L)
|
Batting: RHB Frederico Hernández
|
0-0: Called Strike 0-1: Ball 1-1: Called Strike 1-2: Ball 2-2: Ball 3-2: Fly out, F7 (Flyball, 78M)
|
Top of the 9th over - 0 run(s), 0 hit(s), 0 error(s), 0 left on base; Orlando 1 - Nassau 4 |
|